 Dungeon Crawl Stone Soup version 0.29.1-12-g30fa7ad0bf (webtiles) character file.

Game seed: 2115770025725033664

9317 croobank the Vexing (level 11, -9/86 HPs)
             Began as a Demonspawn Conjurer on Dec 18, 2022.
             Was an Initiate of Gozag.
             Mangled by Lodul
             ... wielding a +1 vorpal dire flail
              (34 damage)
             ... on level 11 of the Dungeon.
             The game lasted 00:53:26 (11226 turns).

croobank the Vexing (Demonspawn Conjurer)          Turns: 11226, Time: 00:53:26

Health: -9/86      AC:  6    Str:  9    XL:     11   Next: 21%
Magic:  20/20      EV: 15    Int: 29    God:    Gozag
Gold:   823        SH:  0    Dex: 11    Spells: 14/22 levels left

rFire   + . .      SeeInvis .   e - +1 short sword (spect)
rCold   . . .      Faith    .   (no shield)
rNeg    . . .      Spirit   .   F - +1 leather armour of Calculation {rF+}
rPois   .          Reflect  .   (helmet restricted)
rElec   .          Harm     .   u - +1 cloak
rCorr   .          Rampage  .   (no gloves)
Will    .....                   (no boots)
Stlth   +++.......              j - amulet of regeneration
HPRegen 1.04/turn               z - +6 ring of intelligence
MPRegen 0.17/turn               (no ring)

@: gold aura
A: horns 2, repulsion field 1, demonic guardian 2, foul stench 2
a: Renounce Religion, Potion Petition, Call Merchant, Bribe Branch


You were on level 11 of the Dungeon.
You worshipped Gozag.
Gozag was pleased with you.
You visited 2 branches of the dungeon, and saw 12 of its levels.
You also visited: Ossuary.

You collected 2086 gold pieces.
You spent 511 gold pieces at shops.
You paid 752 gold pieces to Gozag.

Inventory:

Hand Weapons
 d - a +4 dagger
 e - a +1 spectral short sword (weapon)
 s - the +5 dagger "Unoiner" {freeze, Dex+4}
   (You found it on level 6 of the Dungeon)

   It freezes those it strikes, dealing additional cold damage.
   It can also slow down cold-blooded creatures.
   Dex:       It affects your dexterity (+4).
 Q - a +1 vampiric rapier
 R - a +1 dagger of flaming
Missiles
 b - 6 datura-tipped darts
 M - 3 boomerangs of dispersal
Armour
 h - a scarf of shadows
 u - a +1 cloak (worn)
 F - the +1 leather armour of Calculation (worn) {rF+}
   (You took it off a hobgoblin on level 3 of the Dungeon)

   rF:        It protects you from fire.
Magical Staves
 m - a staff of poison
 G - a staff of fire
Jewellery
 i - a ring of fire
 j - an amulet of regeneration (around neck)
 z - a +6 ring of intelligence (left hand)
 N - a ring of ice
Wands
 f - a wand of charming (3)
 p - a wand of flame (23)
 q - a wand of light (3)
 y - a wand of roots (16)
 C - a wand of mindburst (17)
 T - a wand of polymorph (4)
Scrolls
 c - 3 scrolls of enchant armour
 n - 3 scrolls of noise
 v - 5 scrolls of teleportation
 w - 2 scrolls of brand weapon
 B - 2 scrolls of fear
 D - 2 scrolls of butterflies
 E - 2 scrolls of enchant weapon
 K - a scroll of silence
 O - a scroll of magic mapping
 P - a scroll of vulnerability
Potions
 g - 4 potions of might
 k - 10 potions of curing
 l - 3 potions of cancellation
 o - 3 potions of haste
 r - 2 potions of brilliance
 t - 3 potions of berserk rage
 x - 3 potions of attraction
 A - 2 potions of resistance
 H - 3 potions of mutation
 I - 3 potions of lignification
 J - 3 potions of magic
 L - 2 potions of invisibility {unknown}
 S - a potion of ambrosia {unknown}
 U - a potion of heal wounds


   Skills:
 * Level 7.9 Fighting
 + Level 4.8 Short Blades
 + Level 5.9 Dodging
 + Level 6.5 Stealth
 + Level 6.0 Spellcasting
 + Level 7.3 Conjurations
 * Level 7.9 Hexes


You had 14 spell levels left.
You knew the following spells:

 Your Spells              Type           Power      Damage    Failure   Level
a - Magic Dart            Conj           100%       1d8       1%          1
b - Searing Ray           Conj           100%       2d8       1%          2
c - Dazzling Flash        Conj/Hex       100%       N/A       1%          3
d - Poisonous Vapours     Pois/Air       16%        N/A       12%         2

Your spell library contained the following spells:

 Spells                   Type           Power      Damage    Failure   Level
 Shock                    Conj/Air       100%       1d9       1%          1
 Confusing Touch          Hex            53%        N/A       1%          3
 Cause Fear               Hex            26%        N/A       3%          4
 Fulminant Prism          Conj/Hex       26%        3d14      3%          4
 Inner Flame              Hex/Fire       31%        N/A       4%          3
 Apportation              Tloc           16%        N/A       8%          1
 Necrotise                Necr           32%        1d5       8%          1
 Sting                    Tmut/Pois      32%        1d4       8%          1
 Summon Small Mammal      Summ           32%        N/A       8%          1
 Iskenderun's Mystic Bla  Conj/Tloc      30%        2d8       17%         4
 Swiftness                Air            8%         N/A       24%         3
 Yara's Violent Unravell  Hex/Tmut       15%        3d8       41%         5
 Airstrike                Air            4%         2d(1-17)  61%         4
 Olgreb's Toxic Radiance  Pois           8%         N/A       61%         4
 Enfeeble                 Hex            26%        N/A       95%         7
 Haunt                    Necr/Summ      4%         N/A       100%        7
 Discord                  Hex            26%        N/A       100%        8
 Infestation              Necr           4%         N/A       100%        8
 Animate Dead             Necr           Unusable   N/A       N/A         4

Dungeon Overview and Level Annotations

Branches:
Dungeon (11/15)            Temple (1/1) D:6            Lair (0/5) D:11
    Orc (0/2) D:9         Ossuary (visited)

Altars:
Ashenzari
Cheibriados
Dithmenos
Fedhas
Gozag
Hepliaklqana
Kikubaaqudgha
Makhleb
Nemelex Xobeh
Okawaru
Qazlal
Ru
Sif Muna
Trog
Uskayaw
Vehumet
Wu Jian
Xom
Yredelemnul

Shops:
D:2 (   D:4 !   D:7 ?

Portals:
Abyss: D:10

Annotations:
D:10 2 transporters, mkat's ghost, journeyman VSVM
D:11 Lodul


Innate Abilities, Weirdness & Mutations

You have a pair of horns on your head.
You are surrounded by a mild repulsion field. (EV +2)
A demonic guardian rushes to your aid.
You sometimes emit foul miasma when damaged in melee.


Message History

Press ? for a list of commands and other information.
Search for what [? for help]?
Relec Can't find anything matching that.
What are your orders? t - Shout!
Orders for allies: a - Attack new target. r - Retreat! s - Stop attacking. g - Guard the area. f - Follow me.
Anything else - Cancel.
Retreat in which direction?
Press: ? - help, Dir - move target, f - you
Okay, then.
Okay, then.
As you read the scroll of identify, it crumbles to dust.
I - 3 potions of lignification The yak barely misses you.
As you read the scroll of teleportation, it crumbles to dust.
You feel strangely unstable. The yak barely misses you.
An ogre comes into view. It is wielding a +0 giant club.
The ogre is distracted by your dazzling golden aura.
The yak is distracted by your dazzling golden aura.
Your surroundings suddenly seem different. 3 ogres come into view.
Found a stone staircase leading down.
The ogre shouts!
The yak bellows!
The ogre shouts!
The ogre shouts!
You hit the ogre. Your headbutt misses the ogre.
The ogre is lightly wounded.
Your +1 spectral short sword hits the ogre.
The ogre hits you with a +0 giant club!!
You swap places.
The ogre is no longer distracted by gold.
The ogre closely misses you. The ogre misses you.
The ogre hits you with a +0 giant club!!
* * * LOW HITPOINT WARNING * * *
You emit a cloud of foul miasma!
The yak is no longer distracted by gold.
Lodul hits you with a +1 vorpal dire flail!!
You die...
Your body crumbles into a pile of gold.

....# #..............
....###..............
.....................
.....................
#.....O.Y...........
$ #...Y..............
#...[..............
##OOOO###....###...~
#OO@O## ##...# #....
......O..#
#...###....
.........#
######.....
........... #.....
.......[.... #.....
#............ #.....
#......>.....≈ #.....
............≈≈ #.....
#.....


You could see Lodul, 2 yaks and 8 ogres.

Vanquished Creatures
  Fannar (D:10)
  A two-headed ogre (D:9)
  Pikel (D:8)
  An unseen horror (D:10)
  Sigmund (D:2)
  A shadow (D:10)
  A wraith (D:10)
  13 yaks
  5 orc warriors
  A sky beast (D:5)
  A black bear (D:5)
  An ogre (D:6)
  4 centaurs
  A lemure (D:8)
  5 kobold brigands
  2 bullfrogs
  A necrophage (D:5)
  5 scorpions
  5 wights
  13 killer bees
  4 jellies
  A howler monkey (D:6)
  3 electric eels (D:11)
  A hound (D:6)
  7 orc priests
  2 iguanas
  11 orc wizards
  8 mummies (Ossuary)
  11 adders
  4 gnolls (D:4)
  A shadow imp (D:8)
  A worm (D:2)
  4 dart slugs
  32 orcs
  8 bats
  6 endoplasms
  A giant cockroach (D:4)
  10 hobgoblins
  10 jackals
  27 kobolds
  4 quokkas
  7 ball pythons
  3 frilled lizards
  5 goblins
  3 hobgoblin zombies (Ossuary)
  A kobold zombie (Ossuary)
  4 orc zombies (Ossuary)
  15 rats
258 creatures vanquished.

Vanquished Creatures (collateral kills)
  A wraith (D:9)
  A yak (D:10)
  A wyvern (D:10)
  A steam dragon (D:6)
  A black bear (D:6)
  2 centaurs
  A kobold brigand (D:9)
  3 wights
  An orc priest (D:3)
  An orc wizard (D:9)
  An adder (D:2)
  4 orcs (D:9)
  An endoplasm (D:2)
  A ball python (D:1)
20 creatures vanquished.

Vanquished Creatures (others)
  3 plants (D:2)
3 creatures vanquished.

Grand Total: 281 creatures vanquished

Notes
Turn   | Place    | Note
-------+----------+-------------------------------------------
     0 | D:1      | croobank the Demonspawn Conjurer began the quest for the
                  | Orb.
     0 | D:1      | Reached XP level 1. HP: 13/13 MP: 3/3
   376 | D:1      | Gained mutation: A weak demonic guardian rushes to your
                  | aid. [demonic ancestry]
   376 | D:1      | Reached XP level 2. HP: 19/19 MP: 0/5
   427 | D:1      | Learned a level 2 spell: Searing Ray
  1222 | D:1      | Gained mutation: You may rarely emit foul miasma when
                  | damaged in melee. [demonic ancestry]
  1222 | D:1      | Reached XP level 3. HP: 24/24 MP: 6/6
  1226 | D:1      | Learned a level 3 spell: Dazzling Flash
  1795 | D:2      | Noticed Sigmund
  1954 | D:2      | Gained mutation: A demonic guardian rushes to your aid.
                  | [demonic ancestry]
  1954 | D:2      | Reached XP level 4. HP: 30/30 MP: 4/7
  2118 | D:3      | Identified the +1 leather armour of Calculation {rF+}
  2576 | D:3      | Reached XP level 5. HP: 32/35 MP: 5/9
  3061 | D:4      | Found Cessaf Moero's Distillery.
  3852 | D:4      | Reached skill level 1 in Fighting
  3961 | D:4      | Reached skill level 1 in Hexes
  4045 | D:4      | Gained mutation: You have a pair of small horns on your
                  | head. [demonic ancestry]
  4045 | D:4      | Reached XP level 6. HP: 41/42 MP: 7/10
  4329 | D:5      | Entered Level 5 of the Dungeon
  4589 | D:5      | Reached skill level 5 in Conjurations
  4608 | D:5      | Noticed a sky beast
  4619 | D:5      | Killed a sky beast
  4620 | D:5      | Reached skill level 1 in Short Blades
  4620 | D:5      | Gained mutation: You sometimes emit foul miasma when
                  | damaged in melee. [demonic ancestry]
  4620 | D:5      | Reached XP level 7. HP: 19/50 MP: 10/12
  4919 | D:6      | Identified the +5 dagger "Unoiner" {freeze, Dex+4}
  5331 | D:6      | Reached XP level 8. HP: 55/58 MP: 10/13
  5612 | D:6      | Found a staircase to the Ecumenical Temple.
  5619 | Temple   | Entered the Ecumenical Temple
  5767 | Temple   | Became a worshipper of Gozag Ym Sagoz the Greedy
  6373 | D:2      | Killed Sigmund
  6393 | D:2      | Found Qiwawon's Antique Weapon Shop.
  6519 | D:4      | Bought a potion of heal wounds for 55 gold pieces
  6519 | D:4      | Bought a potion of heal wounds for 55 gold pieces
  6519 | D:4      | Bought a potion of curing for 33 gold pieces
  6521 | D:4      | Bought a potion of resistance for 110 gold pieces
  6521 | D:4      | Bought a potion of berserk rage for 55 gold pieces
  6842 | D:7      | Reached XP level 9. HP: 66/66 MP: 15/15
  6877 | D:7      | Reached skill level 5 in Hexes
  6929 | D:7      | Identified the +1 robe of Iphud {Dex+6}
  7294 | D:7      | Found Vextoubo's Magic Scroll Shop.
  7300 | D:7      | Reached skill level 5 in Fighting
  7318 | D:7      | Bought a scroll of silence for 133 gold pieces
  7318 | D:7      | Bought a scroll of identify for 28 gold pieces
  7318 | D:7      | Bought a scroll of teleportation for 42 gold pieces
  7835 | D:8      | Found a sand-covered staircase.
  7868 | Ossuary  | Entered an ossuary
  7947 | Ossuary  | Reached skill level 5 in Stealth
  8557 | D:8      | Found an ancient bone altar of Kikubaaqudgha.
  8557 | D:8      | Found a stormy altar of Qazlal.
  8557 | D:8      | Found a hazy altar of Hepliaklqana.
  8557 | D:8      | Found an iron altar of Okawaru.
  8568 | D:8      | Noticed Pikel
  8595 | D:8      | Killed Pikel
  8596 | D:8      | Reached skill level 5 in Spellcasting
  8627 | D:8      | Found a radiant altar of Vehumet.
  8784 | D:9      | Reached skill level 5 in Dodging
  8784 | D:9      | Gained mutation: You have a pair of horns on your head.
                  | [demonic ancestry]
  8784 | D:9      | Reached XP level 10. HP: 55/76 MP: 17/17
  9423 | D:9      | Noticed a two-headed ogre
  9439 | D:9      | Killed a two-headed ogre
  9439 | D:9      | HP: 3/77 [wraith (10)]
 10209 | D:9      | Found a staircase to the Orcish Mines.
 10334 | D:10     | Entered Level 10 of the Dungeon
 10399 | D:10     | Noticed Fannar
 10417 | D:10     | Learned a level 2 spell: Poisonous Vapours
 10433 | D:10     | Killed Fannar
 10454 | D:10     | Gained mutation: You are surrounded by a mild repulsion
                  | field. (EV +2) [demonic ancestry]
 10454 | D:10     | Reached XP level 11. HP: 22/84 MP: 14/19
 10499 | D:10     | Found a transporter.
 10780 | D:10     | Noticed a hell hog
 10782 | D:10     | Noticed mkat's ghost (journeyman VSVM)
 10793 | D:10     | Found a one-way gate to the infinite horrors of the Abyss.
 10802 | D:10     | Noticed a wretched star
 10818 | D:10     | Found a transporter.
 10941 | D:10     | Noticed a hell hog
 11147 | D:11     | Found a staircase to the Lair.
 11160 | D:11     | Found a snail-covered altar of Cheibriados.
 11212 | D:11     | Noticed Lodul
 11226 | D:11     | Mangled by Lodul

Illustrated notes

Levels and vault maps discovered:
D:1:      dpeg_arrival_tiny_f, layout_loops_cross, chequers_mini_garden,
          minmay_rat_gold_closets
D:2:      layout_basic, basic_altar, serial_shops,
          nicolae_shop_overgrown_old_shop, uniq_jessica, uniq_sigmund
D:3:      layout_rooms, minmay_fractal_squares_diagonal_5
D:4:      layout_loops_corners, serial_shops, nicolae_shop_trees
D:5:      layout_rooms, dk_rats_in_the_wall
D:6:      layout_gridville, minmay_temple_entry_hall, hex_large
D:7:      layout_loops_ring, serial_shops, shop
D:8:      layout_rooms, minmay_overflow_temple_hex,
          lightli_ossuary_entry_decrepit_ruins, uniq_pikel
D:9:      layout_rooms, david_orc_4, nicolae_eternal_life, minmay_puff
D:10:     layout_basic, gammafunk_ghost_abyssal_escape, uniq_fannar
D:11:     layout_big_octagon, serial_shops, nicolae_lakefront_shop,
          nicolae_shop_temple_entry_statues_fountains, cheibriados_altar_1,
          uniq_lodul
Temple:   nicolae_temple_slightly_damp_pantheon

Skill      XL: |  1  2  3  4  5  6  7  8  9 10 11 |
---------------+----------------------------------+-----
Dodging        | 2 3 4 5 |  5.9
Stealth        | 2 3 4 5 6 |  6.5
Spellcasting   | 3 4 5 6 |  6.0
Fighting       | 1 2 3 4 6 7 |  7.9
Hexes          | 1 2 3 4 6 7 |  7.9
Conjurations   | 5 6 7 |  7.3
Short Blades   | 1 2 3 4 |  4.8

Action                   |  1- 3 |  4- 6 |  7- 9 | 10-12 || total
-------------------------+-------+-------+-------+-------++-------
Melee: Unarmed           |     8 |       |       |       ||     8
       Short sword       |    64 |    63 |   293 |   257 ||   677
       Headbutt          |       |     5 |    61 |    69 ||   135
       Dagger            |       |       |     7 |       ||     7
       Punch             |       |       |     4 |     4 ||     8
 Cast: Magic Dart        |    35 |    50 |       |       ||    85
       Searing Ray       |    15 |    16 |     2 |       ||    33
       Dazzling Flash    |       |       |     1 |     2 ||     3
       Poisonous Vapours |       |       |       |     4 ||     4
Invok: Potion Petition   |       |       |       |     2 ||     2
Evoke: Wand              |       |       |       |     4 ||     4
  Use: Potion            |     1 |       |     6 |     2 ||     9
       Scroll            |       |    12 |     8 |     5 ||    25
 Stab: Sleeping          |     3 |     4 |     7 |     2 ||    16
       Distracted        |       |     3 |     3 |     5 ||    11
       Invisible         |       |       |     1 |     1 ||     2
Armor: Robe              |    22 |    12 |    17 |       ||    51
       Leather armour    |       |       |    46 |    69 ||   115
Dodge: Dodged            |    55 |    22 |   192 |   136 ||   405
